Bruins vs Blackhawks

Created - 6 janvier 2021 at 19:56

Goals
1 2 3 OT1 SO T
Bruins 0 3 0 0 1 3
Blackhawks 1 1 1 0 2 4
Shots
1 2 3 OT1 SO T
Bruins 4 12 18 2 3 36
Blackhawks 1 12 16 6 3 35

1st period

1. Blackhawks , Mark Stone 12 (Mikael Backlund 14) at 0:04

Penalties :
No Penalty

2nd period

2. Bruins , Pat Maroon 2 (Nolan Patrick 3, Sean Monahan 13) at 0:57
3. Bruins , Nolan Patrick 4 (Jakob Chychrun 6) at 4:56 (PP)
4. Bruins , Anthony Mantha 16 (Joel Edmundson 2) at 9:00
5. Blackhawks , Tyler Bertuzzi 13 (Mikael Backlund 15) at 18:08 (PP)

Penalties :
Mikael Backlund (CHI) for Roughing (Double Minor) at 2:36, Paul Stastny (BOS) for Hooking (Minor) at 11:08, Brett Connolly (CHI) for Interference (Minor) at 14:35, Joel Edmundson (BOS) for High sticking (Minor) at 18:07

3rd period

6. Blackhawks , Tyler Bozak 4 (Ryan Ellis 12, Yanni Gourde 8) at 8:11

Penalties :
Niklas Hjalmarsson (CHI) for Hooking (Minor) at 5:14, Brady Tkachuk (BOS) for Holding (Minor) at 12:14, Cam Fowler (BOS) for Charging (Minor) at 18:17

Overtime #1

No Goal

Penalties :
No Penalty

Shootout

Bruins, Sean Monahan - Goal!
Blackhawks, Braydon Coburn - Shot Misses the Net
Bruins, Anthony Mantha - Stopped by Frederik Andersen
Blackhawks, Alex Steen - Goal!
Bruins, Brady Tkachuk - Shot Misses the Net
Blackhawks, Zach Parise - Goal!

Penalties :
No Penalty

Goalie Stats

Juuse Saros (BOS), 32 saves from 35 shots - (0,914), OTL, 7-2-2, 65:00 minutes
Frederik Andersen (CHI), 33 saves from 36 shots - (0,917), W, 10-4-3, 65:00 minutes

Players Stats for Bruins

Player Name              G  A  P  +/- PIM S  H  SB GA TA FO     MP     PP MP  PK MP  
------------------------------------------------------------------------------------
Anthony Beauvillier      0  0  0   0  0   3  0  0  2  1  1/1    16:56   2:50   1:21 
Anthony Mantha           1  0  1  -1  0   5  2  0  2  0  1/1    18:51   3:19   0:00 
Brady Tkachuk            0  0  0  -1  2   1  1  1  0  0  2/3    18:41   2:50   0:00 
Cam Fowler               0  0  0  -1  2   2  0  1  0  1  0/0    20:56   3:05   0:00 
Casey Cizikas            0  0  0   0  0   2  0  0  0  0  3/5    13:01   0:00   1:18 
Connor Murphy            0  0  0   0  0   1  3  1  0  1  0/0    18:21   0:00   3:24 
Ethan Bear               0  0  0   1  0   1  0  1  1  2  0/0    21:29   3:13   2:34 
Ilya Mikheyev            0  0  0   0  0   1  0  0  1  0  0/0    14:38   0:09   2:47 
Jakob Chychrun           0  1  1   0  0   2  2  0  0  1  0/0    15:59   3:05   0:00 
Joel Edmundson           0  1  1   1  2   0  1  2  0  1  0/0    19:06   0:00   2:34 
Lawson Crouse            0  0  0   0  0   3  2  0  1  0  0/0    13:06   0:00   1:18 
Luke Glendening          0  0  0   1  0   2  1  0  0  0  6/11   13:52   0:00   3:16 
Nolan Patrick            1  1  2   1  0   4  0  0  0  0  1/1    10:08   0:09   0:39 
Pat Maroon               1  0  1   1  0   2  1  0  0  0  0/0     9:16   0:09   0:00 
Paul Stastny             0  0  0   0  2   2  0  0  0  0  11/17  16:29   2:50   1:00 
Ryan Johansen            0  0  0   0  0   2  1  0  0  0  2/4    17:47   3:19   0:00 
Sean Monahan             0  1  1  -1  0   2  3  0  0  0  16/25  19:02   3:19   0:00 
Seth Jones               0  0  0  -1  0   1  1  0  0  2  0/0    27:26   3:13   3:24 

Players Stats for Blackhawks

Player Name              G  A  P  +/- PIM S  H  SB GA TA FO     MP     PP MP  PK MP  
------------------------------------------------------------------------------------
Alex Steen               0  0  0  -1  0   1  0  0  0  0  0/0    12:24   0:00   2:27 
Andrew Shaw              0  0  0  -1  0   1  1  0  0  0  0/0     8:14   0:00   0:00 
Braydon Coburn           0  0  0  -1  0   1  0  0  0  2  0/0    17:28   0:00   3:01 
Brett Connolly           0  0  0  -1  2   3  0  0  1  0  0/3    17:39   2:29   0:45 
Carl Hagelin             0  0  0   1  0   1  0  0  0  0  0/0    14:22   0:00   3:16 
Carson Soucy             0  0  0  -1  0   0  2  3  0  0  0/0    16:47   1:57   0:35 
Derek Forbort            0  0  0   0  0   0  1  1  0  1  0/0    16:55   0:00   1:37 
Luke Kunin               0  0  0  -1  0   1  6  0  0  1  4/12   20:23   2:29   2:25 
Mark Stone               1  0  1   1  0   5  2  2  1  0  0/2    19:55   3:12   0:00 
Matt Benning             0  0  0   0  0   2  2  1  0  1  0/0    19:08   3:44   0:35 
Michael Chaput           0  0  0  -1  0   1  1  0  0  0  2/5     8:10   0:00   0:00 
Mikael Backlund          0  2  2   1  4   4  4  0  1  0  12/29  19:30   3:12   0:00 
Niklas Hjalmarsson       0  0  0   1  2   4  2  3  0  1  0/0    24:10   1:57   2:42 
Ryan Ellis               0  1  1   1  0   4  3  0  1  0  0/0    28:04   3:44   4:06 
Tyler Bertuzzi           1  0  1  -1  0   3  3  1  1  0  1/2    17:58   3:12   0:00 
Tyler Bozak              1  0  1   1  0   2  2  0  0  1  4/10   14:27   0:00   3:18 
Yanni Gourde             0  1  1   1  0   0  1  0  0  0  1/1    10:59   0:00   0:00 
Zach Parise              0  0  0   1  0   2  0  0  4  0  1/4    18:14   2:29   0:25 

3 Stars

1 - Mark Stone (CHI)
2 - Nolan Patrick (BOS)
3 - Tyler Bozak (CHI)

Power Play

Bruins - 1 on 4 Attempt(s) - 25,00%
Blackhawks - 1 on 4 Attempt(s) - 25,00%

Penalty Kill

Bruins - 3 on 4 Attempt(s) - 75,00% - Score 0 goal in Penalty Kill
Blackhawks - 3 on 4 Attempt(s) - 75,00% - Score 0 goal in Penalty Kill

Team Stat

Bruins - Hits : 18 - Faceoff Wins : 43 - Blocked Shots : 6 - Penalty Minutes : 8
Blackhawks - Hits : 30 - Faceoff Wins : 25 - Blocked Shots : 11 - Penalty Minutes : 8

Official

Referees : Brett Roeland and Steve Kozari
Linesman : Ryan Gibbons and Brian Mach

Game Notes

No Game Note

Finance

Level 1 -- Attendance: 4475 (74,58%) -- Ticket Income 447 500 $
Level 2 -- Attendance: 5000 (100,00%) -- Ticket Income 300 000 $
Level 3 -- Attendance: 1968 (98,40%) -- Ticket Income 68 880 $
Level 4 -- Attendance: 4000 (100,00%) -- Ticket Income 80 000 $
Luxury Box -- Attendance: 709 (70,90%) -- Ticket Income 141 800 $
Game was played at the United Center.
Total Attendance: 16152 (89,73%)
Total Ticket Income: 1 038 180 $
Other Income: 508 708 $
Total Income: 1 546 888 $

Bruins

5 vs 5 Forward 
   Center                   Left Wing                Right Wing               Time % Phy DF OF 
 1 Sean Monahan             Brady Tkachuk            Anthony Mantha           35     0   3  2  
 2 Paul Stastny             Anthony Beauvillier      Ryan Johansen            30     0   2  3  
 3 Casey Cizikas            Lawson Crouse            Ilya Mikheyev            20     0   2  3  
 4 Luke Glendening          Pat Maroon               Nolan Patrick            15     0   3  2  

5 vs 5 Defense 
   Defense                  Defense                                           Time % Phy DF OF 
 1 Seth Jones               Cam Fowler                                        38     1   2  2  
 2 Jakob Chychrun           Connor Murphy                                     31     1   2  2  
 3 Joel Edmundson           Ethan Bear                                        31     0   2  2  
 4 Seth Jones               Connor Murphy                                     0      1   2  2  

PowerPlay Forward 
   Center                   Left Wing                Right Wing               Time % Phy DF OF 
 1 Sean Monahan             Anthony Mantha           Ryan Johansen            55     0   0  5  
 2 Paul Stastny             Brady Tkachuk            Anthony Beauvillier      45     1   0  4  

PowerPlay Defense
   Defense                  Defense                                           Time % Phy DF OF 
 1 Cam Fowler               Jakob Chychrun                                    50     0   0  5  
 2 Seth Jones               Ethan Bear                                        50     0   2  3  

Penalty Kill 4 Players Forward 
   Center                   Wing                     Time % Phy DF OF 
 1 Luke Glendening          Ilya Mikheyev            60     0   4  1  
 2 Casey Cizikas            Lawson Crouse            40     0   4  1  

Penalty Kill 4 Players Defense
   Defense                  Defense                  Time % Phy DF OF 
 1 Seth Jones               Connor Murphy            60     0   4  1  
 2 Ethan Bear               Joel Edmundson           40     0   4  1  

Penalty Kill - 3 Players Forward 
   Forward                                           Time % Phy DF OF 
 1 Luke Glendening                                   50     0   5  0  
 2 Casey Cizikas                                     50     0   5  0  

Penalty Kill - 3 Players Defense
   Defense                  Defense                  Time % Phy DF OF 
 1 Seth Jones               Connor Murphy            50     0   5  0  
 2 Ethan Bear               Joel Edmundson           50     0   5  0  

4 vs 4 Forward 
   Center                   Wing                     Time % Phy DF OF 
 1 Sean Monahan             Anthony Mantha           60     1   2  2  
 2 Ryan Johansen            Ilya Mikheyev            40     1   2  2  

4 vs 4 Defense
   Defense                  Defense                  Time % Phy DF OF 
 1 Seth Jones               Connor Murphy            60     1   2  2  
 2 Jakob Chychrun           Cam Fowler               40     1   2  2  

Last Minutes Offensive
   Center                   Left Wing                Right Wing               Defense                  Defense                  
   Sean Monahan             Anthony Mantha           Ryan Johansen            Seth Jones               Cam Fowler               

Last Minutes Defensive
   Center                   Left Wing                Right Wing               Defense                  Defense                  
   Sean Monahan             Anthony Mantha           Ryan Johansen            Seth Jones               Connor Murphy            

Goaltenders
Starting : Juuse Saros              
Backup : Jordan Binnington        

Extra Forwards
Normal : Nolan Patrick, Lawson Crouse, Casey Cizikas - PP : Nolan Patrick, Ilya Mikheyev - PK : Paul Stastny
Extra Defensemen
Normal : Joel Edmundson, Ethan Bear, Jakob Chychrun - PP : Joel Edmundson - PK : Jakob Chychrun, Cam Fowler
Penalty Shots
Sean Monahan, Anthony Mantha, Brady Tkachuk, Ryan Johansen, Anthony Beauvillier
Custom OT Lines Forwards
Sean Monahan, Anthony Mantha, Brady Tkachuk, Ryan Johansen, Anthony Beauvillier, Paul Stastny, Lawson Crouse, Casey Cizikas, Luke Glendening, Ilya Mikheyev
Custom OT Lines Defensemen
Seth Jones, Connor Murphy, Jakob Chychrun, Cam Fowler, Joel Edmundson

Scratches
Maxime Comtois (Healthy), Jarred Tinordi (Healthy), Cam Talbot (Healthy)

Blackhawks

5 vs 5 Forward 
   Center                   Left Wing                Right Wing               Time % Phy DF OF 
 1 Mikael Backlund          Zach Parise              Mark Stone               34     1   1  3  
 2 Luke Kunin               Tyler Bertuzzi           Brett Connolly           28     1   2  2  
 3 Tyler Bozak              Yanni Gourde             Carl Hagelin             22     1   3  1  
 4 Michael Chaput           Alex Steen               Andrew Shaw              16     2   2  1  

5 vs 5 Defense 
   Defense                  Defense                                           Time % Phy DF OF 
 1 Ryan Ellis               Niklas Hjalmarsson                                40     1   2  2  
 2 Derek Forbort            Matt Benning                                      30     1   3  1  
 3 Braydon Coburn           Carson Soucy                                      30     3   2  0  
 4 Ryan Ellis               Niklas Hjalmarsson                                0      1   2  2  

PowerPlay Forward 
   Center                   Left Wing                Right Wing               Time % Phy DF OF 
 1 Mikael Backlund          Tyler Bertuzzi           Mark Stone               60     0   1  4  
 2 Luke Kunin               Zach Parise              Brett Connolly           40     0   1  4  

PowerPlay Defense
   Defense                  Defense                                           Time % Phy DF OF 
 1 Ryan Ellis               Matt Benning                                      60     0   1  4  
 2 Carson Soucy             Niklas Hjalmarsson                                40     0   2  3  

Penalty Kill 4 Players Forward 
   Center                   Wing                     Time % Phy DF OF 
 1 Tyler Bozak              Carl Hagelin             60     1   3  1  
 2 Luke Kunin               Alex Steen               40     1   3  1  

Penalty Kill 4 Players Defense
   Defense                  Defense                  Time % Phy DF OF 
 1 Ryan Ellis               Niklas Hjalmarsson       60     1   3  1  
 2 Derek Forbort            Braydon Coburn           40     1   3  1  

Penalty Kill - 3 Players Forward 
   Forward                                           Time % Phy DF OF 
 1 Carl Hagelin                                      60     1   3  1  
 2 Tyler Bozak                                       40     1   3  1  

Penalty Kill - 3 Players Defense
   Defense                  Defense                  Time % Phy DF OF 
 1 Ryan Ellis               Niklas Hjalmarsson       60     1   3  1  
 2 Derek Forbort            Matt Benning             40     1   3  1  

4 vs 4 Forward 
   Center                   Wing                     Time % Phy DF OF 
 1 Mikael Backlund          Mark Stone               60     1   2  2  
 2 Luke Kunin               Zach Parise              40     1   2  2  

4 vs 4 Defense
   Defense                  Defense                  Time % Phy DF OF 
 1 Ryan Ellis               Niklas Hjalmarsson       60     1   2  2  
 2 Derek Forbort            Braydon Coburn           40     1   2  2  

Last Minutes Offensive
   Center                   Left Wing                Right Wing               Defense                  Defense                  
   Mikael Backlund          Zach Parise              Mark Stone               Ryan Ellis               Niklas Hjalmarsson       

Last Minutes Defensive
   Center                   Left Wing                Right Wing               Defense                  Defense                  
   Tyler Bozak              Alex Steen               Yanni Gourde             Ryan Ellis               Niklas Hjalmarsson       

Goaltenders
Starting : Frederik Andersen        
Backup : David Rittich            

Extra Forwards
Normal : Mark Stone, Tyler Bertuzzi, Mikael Backlund - PP : Mark Stone, Tyler Bertuzzi - PK : Alex Steen
Extra Defensemen
Normal : Ryan Ellis, Niklas Hjalmarsson, Derek Forbort - PP : Ryan Ellis - PK : Ryan Ellis, Niklas Hjalmarsson
Penalty Shots
Braydon Coburn, Alex Steen, Zach Parise, Tyler Bozak, Ryan Ellis
Custom OT Lines Forwards
Mark Stone, Zach Parise, Tyler Bertuzzi, Mikael Backlund, Alex Steen, Luke Kunin, Tyler Bozak, Yanni Gourde, Brett Connolly, Andrew Shaw
Custom OT Lines Defensemen
Ryan Ellis, Niklas Hjalmarsson, Derek Forbort, Braydon Coburn, Carson Soucy

Scratches
Markus Nutivaara (Healthy), Brock McGinn (Healthy)

% Time on Ice - Bruins

Lines # - Real PCT - Wanted PCT - Time Play
Normal Forward
1 - 33% - 35% - 15:45
2 - 27% - 30% - 13:04
3 - 23% - 20% - 11:12
4 - 17% - 15% - 8:00
Normal Defense
1 - 39% - 38% - 18:34
2 - 29% - 31% - 14:03
3 - 30% - 31% - 14:35
4 - 2% - 0% - 0:49
PP Forward
1 - 55% - 55% - 3:28
2 - 45% - 45% - 2:50
PP Defense
1 - 49% - 50% - 3:05
2 - 51% - 50% - 3:13
PK Forward
1 - 77% - 60% - 4:23
2 - 23% - 40% - 1:18
PK Defense
1 - 55% - 60% - 3:07
2 - 45% - 40% - 2:34
PK3 Forward
1 - 100% - 50% - 0:17
2 - 0% - 50% - 0:00
PK3 Defense
1 - 100% - 50% - 0:17
2 - 0% - 50% - 0:00
44 Forward
1 - 0% - 60%
2 - 0% - 40%
44 Defense
1 - 0% - 60%
2 - 0% - 40%
Last Minute Offensive  - 0:00
Last Minute Defensive  - 0:00
Total
Forward - 60:17
Defense - 60:17

% Time on Ice - Blackhawks

Lines # - Real PCT - Wanted PCT - Time Play
Normal Forward
1 - 35% - 34% - 16:43
2 - 27% - 28% - 12:46
3 - 23% - 22% - 10:55
4 - 16% - 16% - 7:37
Normal Defense
1 - 41% - 40% - 19:37
2 - 29% - 30% - 14:06
3 - 30% - 30% - 14:18
4 - 0% - 0% - 0:00
PP Forward
1 - 56% - 60% - 3:12
2 - 44% - 40% - 2:29
PP Defense
1 - 66% - 60% - 3:44
2 - 34% - 40% - 1:57
PK Forward
1 - 79% - 60% - 4:58
2 - 21% - 40% - 1:20
PK Defense
1 - 74% - 60% - 4:41
2 - 26% - 40% - 1:37
PK3 Forward
1 - 0% - 60%
2 - 0% - 40%
PK3 Defense
1 - 0% - 60%
2 - 0% - 40%
44 Forward
1 - 100% - 60% - 0:17
2 - 0% - 40% - 0:00
44 Defense
1 - 100% - 60% - 0:17
2 - 0% - 40% - 0:00
Last Minute Offensive  - 0:00
Last Minute Defensive  - 0:00
Total
Forward - 60:17
Defense - 60:17

Play-by-Play

1st period


0:01 of 1st period - Mikael Backlund wins face-off versus Sean Monahan in neutral zone.
0:04 of 1st period - Wrist shot by Mark Stone.
0:04 of 1st period - Goal by Mark Stone - Bruins : 0 - Blackhawks : 1.
0:05 of 1st period - Paul Stastny wins face-off versus Luke Kunin in neutral zone.
0:12 of 1st period - Slapshot by Anthony Beauvillier.
0:12 of 1st period - Shot Blocked by Matt Benning.
0:15 of 1st period - Icing by Brett Connolly.
0:16 of 1st period - Luke Kunin wins face-off versus Casey Cizikas in Blackhawks zone.
1:03 of 1st period - Casey Cizikas is hit by Luke Kunin and loses puck.
1:23 of 1st period - Derek Forbort is hit by Joel Edmundson and loses puck.
4:26 of 1st period - Brett Connolly is hit by Lawson Crouse and loses puck.
4:35 of 1st period - Ethan Bear is hit by Tyler Bertuzzi and loses puck.
5:22 of 1st period - Slapshot by Lawson Crouse.
5:22 of 1st period - Stopped by Frederik Andersen with a rebound.
5:24 of 1st period - Backhand shot by Joel Edmundson.
5:24 of 1st period - Shot Misses the Net.
5:26 of 1st period - Slapshot by Ethan Bear.
5:26 of 1st period - Shot Misses the Net.
5:28 of 1st period - Snap shot by Casey Cizikas.
5:28 of 1st period - Stopped by Frederik Andersen with a rebound.
5:30 of 1st period - Slapshot by Ethan Bear.
5:30 of 1st period - Stopped by Frederik Andersen with a rebound.
5:32 of 1st period - Slapshot by Lawson Crouse.
5:32 of 1st period - Stopped by Frederik Andersen without a rebound.
5:33 of 1st period - Sean Monahan wins face-off versus Mikael Backlund in Blackhawks zone.
6:00 of 1st period - Seth Jones is hit by Ryan Ellis and loses puck.
7:11 of 1st period - Seth Jones is hit by Mikael Backlund and loses puck.
7:24 of 1st period - Ryan Ellis is hit by Sean Monahan and loses puck.
8:23 of 1st period - Cam Fowler is hit by Carson Soucy and loses puck.
12:08 of 1st period - Carson Soucy is hit by Seth Jones and loses puck.
17:02 of 1st period - Seth Jones is hit by Andrew Shaw and loses puck.
17:17 of 1st period - Seth Jones is hit by Ryan Ellis and loses puck.
19:58 of 1st period - Lawson Crouse is hit by Mikael Backlund and loses puck.
Goals for this period are 0 for Bruins vs 1 for Blackhawks.
Shots for this period are 4 for Bruins vs 1 for Blackhawks.

2nd period


0:01 of 2nd period - Paul Stastny wins face-off versus Mikael Backlund in neutral zone.
0:57 of 2nd period - Snap shot by Pat Maroon.
0:57 of 2nd period - Goal by Pat Maroon - Bruins : 1 - Blackhawks : 1.
0:58 of 2nd period - Paul Stastny wins face-off versus Mikael Backlund in neutral zone.
1:07 of 2nd period - Slapshot by Anthony Beauvillier.
1:07 of 2nd period - Shot Misses the Net.
1:23 of 2nd period - Tyler Bozak is hit by Connor Murphy and loses puck.
1:30 of 2nd period - Slapshot by Sean Monahan.
1:30 of 2nd period - Shot Misses the Net.
1:32 of 2nd period - Snap shot by Sean Monahan.
1:32 of 2nd period - Shot Misses the Net.
2:10 of 2nd period - Snap shot by Luke Kunin.
2:10 of 2nd period - Stopped by Juuse Saros without a rebound.
2:11 of 2nd period - Luke Kunin wins face-off versus Paul Stastny in Bruins zone.
2:14 of 2nd period - Snap shot by Brett Connolly.
2:14 of 2nd period - Deflect By Tyler Bertuzzi.
2:14 of 2nd period - Stopped by Juuse Saros without a rebound.
2:15 of 2nd period - Mikael Backlund wins face-off versus Paul Stastny in Bruins zone.
2:26 of 2nd period - Wrist shot by Anthony Beauvillier.
2:26 of 2nd period - Shot Blocked by Mark Stone.
2:28 of 2nd period - Wrist shot by Anthony Beauvillier.
2:28 of 2nd period - Shot Misses the Net.
2:30 of 2nd period - Snap shot by Anthony Beauvillier.
2:30 of 2nd period - Stopped by Frederik Andersen with a rebound.
2:36 of 2nd period - Double Minor Penalty to Mikael Backlund for Roughing.
2:37 of 2nd period - Tyler Bozak wins face-off versus Sean Monahan in Blackhawks zone.
2:50 of 2nd period - Snap shot by Ryan Johansen.
2:50 of 2nd period - Stopped by Frederik Andersen without a rebound.
2:51 of 2nd period - Tyler Bozak wins face-off versus Sean Monahan in Blackhawks zone.
2:51 of 2nd period - Tyler Bozak is hit by Anthony Mantha.
3:47 of 2nd period - Braydon Coburn is hit by Jakob Chychrun.
4:56 of 2nd period - Snap shot by Nolan Patrick.
4:56 of 2nd period - Goal by Nolan Patrick - Bruins : 2 - Blackhawks : 1.
4:57 of 2nd period - Luke Glendening wins face-off versus Mikael Backlund in neutral zone.
5:02 of 2nd period - Wrist shot by Pat Maroon.
5:02 of 2nd period - Shot Blocked by Mark Stone.
5:04 of 2nd period - Slapshot by Jakob Chychrun.
5:04 of 2nd period - Deflect By Pat Maroon.
5:04 of 2nd period - Shot Misses the Net.
5:04 of 2nd period - Puck is out of play.
5:05 of 2nd period - Nolan Patrick wins face-off versus Mikael Backlund in Blackhawks zone.
5:24 of 2nd period - Connor Murphy is hit by Mikael Backlund and loses puck.
5:37 of 2nd period - Icing by Derek Forbort.
5:38 of 2nd period - Sean Monahan wins face-off versus Mikael Backlund in Blackhawks zone.
5:49 of 2nd period - Wrist shot by Zach Parise.
5:49 of 2nd period - Deflect By Sean Monahan.
5:49 of 2nd period - Shot Misses the Net.
5:49 of 2nd period - Puck is out of play.
5:50 of 2nd period - Paul Stastny wins face-off versus Luke Kunin in Bruins zone.
6:01 of 2nd period - Wrist shot by Niklas Hjalmarsson.
6:01 of 2nd period - Stopped by Juuse Saros without a rebound.
6:02 of 2nd period - Mikael Backlund wins face-off versus Sean Monahan in Bruins zone.
6:09 of 2nd period - Wrist shot by Zach Parise.
6:09 of 2nd period - Shot Misses the Net.
6:11 of 2nd period - Snap shot by Ryan Ellis.
6:11 of 2nd period - Shot Misses the Net.
6:13 of 2nd period - Wrist shot by Mark Stone.
6:13 of 2nd period - Shot Misses the Net.
6:15 of 2nd period - Snap shot by Ryan Ellis.
6:15 of 2nd period - Deflect By Zach Parise.
6:15 of 2nd period - Stopped by Juuse Saros with a rebound.
6:17 of 2nd period - Snap shot by Ryan Ellis.
6:17 of 2nd period - Stopped by Juuse Saros with a rebound.
6:19 of 2nd period - Snap shot by Zach Parise.
6:19 of 2nd period - Shot Blocked by Brady Tkachuk.
6:29 of 2nd period - Anthony Mantha is hit by Tyler Bozak and loses puck.
6:36 of 2nd period - Backhand shot by Yanni Gourde.
6:36 of 2nd period - Shot Misses the Net.
6:38 of 2nd period - Snap shot by Tyler Bozak.
6:38 of 2nd period - Shot Misses the Net.
6:40 of 2nd period - Wrist shot by Tyler Bozak.
6:40 of 2nd period - Shot Blocked by Cam Fowler.
6:42 of 2nd period - Snap shot by Carl Hagelin.
6:42 of 2nd period - Stopped by Juuse Saros without a rebound.
6:43 of 2nd period - Anthony Beauvillier wins face-off versus Mikael Backlund in Bruins zone.
6:56 of 2nd period - Snap shot by Paul Stastny.
6:56 of 2nd period - Shot Misses the Net.
7:30 of 2nd period - Backhand shot by Ilya Mikheyev.
7:30 of 2nd period - Stopped by Frederik Andersen with a rebound.
8:26 of 2nd period - Snap shot by Mikael Backlund.
8:26 of 2nd period - Stopped by Juuse Saros with a rebound.
8:40 of 2nd period - Wrist shot by Nolan Patrick.
8:40 of 2nd period - Shot Misses the Net.
8:42 of 2nd period - Slapshot by Cam Fowler.
8:42 of 2nd period - Deflect By Braydon Coburn.
8:42 of 2nd period - Stopped by Frederik Andersen with a rebound.
8:44 of 2nd period - Snap shot by Luke Glendening.
8:44 of 2nd period - Shot Misses the Net.
8:46 of 2nd period - Slapshot by Seth Jones.
8:46 of 2nd period - Deflect By Nolan Patrick.
8:46 of 2nd period - Shot Blocked by Carson Soucy.
8:46 of 2nd period - Puck is out of play.
8:47 of 2nd period - Michael Chaput wins face-off versus Brady Tkachuk in Blackhawks zone.
8:47 of 2nd period - Michael Chaput is hit by Sean Monahan.
8:54 of 2nd period - Niklas Hjalmarsson is hit by Brady Tkachuk.
9:00 of 2nd period - Slapshot by Anthony Mantha.
9:00 of 2nd period - Goal by Anthony Mantha - Bruins : 3 - Blackhawks : 1.
9:01 of 2nd period - Paul Stastny wins face-off versus Mikael Backlund in neutral zone.
9:26 of 2nd period - Brady Tkachuk is hit by Tyler Bertuzzi.
9:34 of 2nd period - Wrist shot by Luke Kunin.
9:34 of 2nd period - Deflect By Tyler Bertuzzi.
9:34 of 2nd period - Shot Misses the Net.
9:34 of 2nd period - Puck is out of play.
9:35 of 2nd period - Paul Stastny wins face-off versus Brett Connolly in Bruins zone.
10:04 of 2nd period - Wrist shot by Carl Hagelin.
10:04 of 2nd period - Deflect By Tyler Bozak.
10:04 of 2nd period - Shot Misses the Net.
10:04 of 2nd period - Puck is out of play.
10:05 of 2nd period - Tyler Bozak wins face-off versus Sean Monahan in Bruins zone.
10:29 of 2nd period - Wrist shot by Anthony Mantha.
10:29 of 2nd period - Deflect By Tyler Bozak.
10:29 of 2nd period - Shot Blocked by Niklas Hjalmarsson.
10:29 of 2nd period - Puck is out of play.
10:30 of 2nd period - Mikael Backlund wins face-off versus Paul Stastny in Blackhawks zone.
10:30 of 2nd period - Mikael Backlund is hit by Jakob Chychrun.
10:36 of 2nd period - Snap shot by Zach Parise.
10:36 of 2nd period - Shot Misses the Net.
10:45 of 2nd period - Icing by Connor Murphy.
10:46 of 2nd period - Paul Stastny wins face-off versus Luke Kunin in Bruins zone.
10:46 of 2nd period - Paul Stastny is hit by Luke Kunin.
10:54 of 2nd period - Snap shot by Tyler Bertuzzi.
10:54 of 2nd period - Shot Misses the Net.
11:08 of 2nd period - Minor Penalty to Paul Stastny for Hooking.
11:09 of 2nd period - Luke Glendening wins face-off versus Mark Stone in Bruins zone.
11:09 of 2nd period - Luke Glendening is hit by Mark Stone.
13:08 of 2nd period - Penalty to Paul Stastny is over, Paul Stastny is back on ice.
13:28 of 2nd period - Snap shot by Andrew Shaw.
13:28 of 2nd period - Stopped by Juuse Saros with a rebound.
13:30 of 2nd period - Wrist shot by Michael Chaput.
13:30 of 2nd period - Stopped by Juuse Saros without a rebound.
13:31 of 2nd period - Sean Monahan wins face-off versus Tyler Bozak in Bruins zone.
13:42 of 2nd period - Wrist shot by Anthony Mantha.
13:42 of 2nd period - Deflect By Sean Monahan.
13:42 of 2nd period - Stopped by Frederik Andersen with a rebound.
13:46 of 2nd period - Wrist shot by Brady Tkachuk.
13:46 of 2nd period - Deflect By Braydon Coburn.
13:46 of 2nd period - Shot Blocked by Carson Soucy.
13:46 of 2nd period - Puck is out of play.
13:47 of 2nd period - Paul Stastny wins face-off versus Michael Chaput in Blackhawks zone.
14:00 of 2nd period - Wrist shot by Anthony Beauvillier.
14:00 of 2nd period - Stopped by Frederik Andersen without a rebound.
14:01 of 2nd period - Sean Monahan wins face-off versus Mikael Backlund in Blackhawks zone.
14:08 of 2nd period - Wrist shot by Sean Monahan.
14:08 of 2nd period - Shot Misses the Net.
14:10 of 2nd period - Slapshot by Cam Fowler.
14:10 of 2nd period - Shot Blocked by Carson Soucy.
14:12 of 2nd period - Slapshot by Sean Monahan.
14:12 of 2nd period - Shot Misses the Net.
14:14 of 2nd period - Slapshot by Seth Jones.
14:14 of 2nd period - Stopped by Frederik Andersen without a rebound.
14:15 of 2nd period - Brady Tkachuk wins face-off versus Luke Kunin in Blackhawks zone.
14:20 of 2nd period - Wrist shot by Brady Tkachuk.
14:20 of 2nd period - Shot Misses the Net.
14:22 of 2nd period - Wrist shot by Sean Monahan.
14:22 of 2nd period - Shot Blocked by Niklas Hjalmarsson.
14:35 of 2nd period - Minor Penalty to Brett Connolly for Interference.
14:36 of 2nd period - Tyler Bozak wins face-off versus Sean Monahan in Blackhawks zone.
14:36 of 2nd period - Tyler Bozak is hit by Sean Monahan.
14:53 of 2nd period - Snap shot by Anthony Mantha.
14:53 of 2nd period - Stopped by Frederik Andersen with a rebound.
15:27 of 2nd period - Tyler Bozak is hit by Ryan Johansen and loses puck.
16:05 of 2nd period - Paul Stastny is hit by Ryan Ellis and loses puck.
16:32 of 2nd period - Brady Tkachuk is hit by Luke Kunin.
16:35 of 2nd period - Penalty to Brett Connolly is over, Brett Connolly is back on ice.
17:04 of 2nd period - Luke Kunin is hit by Lawson Crouse and loses puck.
17:40 of 2nd period - Ilya Mikheyev is hit by Mark Stone and loses puck.
17:44 of 2nd period - Icing by Ilya Mikheyev.
17:45 of 2nd period - Casey Cizikas wins face-off versus Mikael Backlund in Bruins zone.
17:50 of 2nd period - Snap shot by Mikael Backlund.
17:50 of 2nd period - Stopped by Juuse Saros without a rebound.
17:51 of 2nd period - Sean Monahan wins face-off versus Mark Stone in Bruins zone.
18:07 of 2nd period - Minor Penalty to Joel Edmundson for High sticking.
18:08 of 2nd period - Mikael Backlund wins face-off versus Luke Glendening in Bruins zone.
18:08 of 2nd period - Backhand shot by Tyler Bertuzzi.
18:08 of 2nd period - Goal by Tyler Bertuzzi - Bruins : 3 - Blackhawks : 2.
18:09 of 2nd period - Sean Monahan wins face-off versus Luke Kunin in neutral zone.
18:18 of 2nd period - Snap shot by Sean Monahan.
18:18 of 2nd period - Shot Hit the Post.
18:20 of 2nd period - Slapshot by Anthony Mantha.
18:20 of 2nd period - Shot Misses the Net.
18:22 of 2nd period - Snap shot by Cam Fowler.
18:22 of 2nd period - Shot Misses the Net.
18:36 of 2nd period - Seth Jones is hit by Niklas Hjalmarsson and loses puck.
18:43 of 2nd period - Snap shot by Tyler Bozak.
18:43 of 2nd period - Deflect By Ryan Johansen.
18:43 of 2nd period - Shot Misses the Net.
18:43 of 2nd period - Puck is out of play.
18:44 of 2nd period - Mikael Backlund wins face-off versus Paul Stastny in Bruins zone.
18:45 of 2nd period - Wrist shot by Mark Stone.
18:45 of 2nd period - Stopped by Juuse Saros without a rebound.
18:46 of 2nd period - Mikael Backlund wins face-off versus Paul Stastny in Bruins zone.
19:13 of 2nd period - Snap shot by Sean Monahan.
19:13 of 2nd period - Shot Misses the Net.
19:25 of 2nd period - Wrist shot by Anthony Mantha.
19:25 of 2nd period - Shot Blocked by Derek Forbort.
19:37 of 2nd period - Snap shot by Nolan Patrick.
19:37 of 2nd period - Stopped by Frederik Andersen without a rebound.
19:38 of 2nd period - Yanni Gourde wins face-off versus Luke Glendening in Blackhawks zone.
19:43 of 2nd period - Cam Fowler is hit by Tyler Bozak and loses puck.
Goals for this period are 3 for Bruins vs 1 for Blackhawks.
Shots for this period are 12 for Bruins vs 12 for Blackhawks.

3rd period


0:01 of 3rd period - Sean Monahan wins face-off versus Brett Connolly in neutral zone.
0:06 of 3rd period - Wrist shot by Anthony Mantha.
0:06 of 3rd period - Shot Blocked by Niklas Hjalmarsson.
0:34 of 3rd period - Snap shot by Ryan Johansen.
0:34 of 3rd period - Stopped by Frederik Andersen with a rebound.
0:36 of 3rd period - Wrist shot by Cam Fowler.
0:36 of 3rd period - Deflect By Ryan Ellis.
0:36 of 3rd period - Stopped by Frederik Andersen with a rebound.
0:53 of 3rd period - Snap shot by Lawson Crouse.
0:53 of 3rd period - Shot Misses the Net.
0:55 of 3rd period - Slapshot by Jakob Chychrun.
0:55 of 3rd period - Stopped by Frederik Andersen without a rebound.
0:56 of 3rd period - Sean Monahan wins face-off versus Luke Kunin in Blackhawks zone.
0:59 of 3rd period - Wrist shot by Anthony Mantha.
0:59 of 3rd period - Stopped by Frederik Andersen with a rebound.
1:01 of 3rd period - Slapshot by Connor Murphy.
1:01 of 3rd period - Stopped by Frederik Andersen without a rebound.
1:02 of 3rd period - Sean Monahan wins face-off versus Brett Connolly in Blackhawks zone.
1:12 of 3rd period - Off-side.
1:13 of 3rd period - Paul Stastny wins face-off versus Tyler Bozak in neutral zone.
1:47 of 3rd period - Wrist shot by Mark Stone.
1:47 of 3rd period - Shot Blocked by Joel Edmundson.
1:49 of 3rd period - Wrist shot by Mark Stone.
1:49 of 3rd period - Shot Blocked by Ethan Bear.
1:51 of 3rd period - Wrist shot by Carson Soucy.
1:51 of 3rd period - Shot Misses the Net.
2:46 of 3rd period - Wrist shot by Yanni Gourde.
2:46 of 3rd period - Shot Misses the Net.
2:48 of 3rd period - Snap shot by Tyler Bozak.
2:48 of 3rd period - Shot Misses the Net.
3:06 of 3rd period - Wrist shot by Anthony Mantha.
3:06 of 3rd period - Stopped by Frederik Andersen without a rebound.
3:07 of 3rd period - Sean Monahan wins face-off versus Mikael Backlund in Blackhawks zone.
3:23 of 3rd period - Off-side.
3:24 of 3rd period - Luke Kunin wins face-off versus Ryan Johansen in neutral zone.
3:37 of 3rd period - Snap shot by Anthony Beauvillier.
3:37 of 3rd period - Stopped by Frederik Andersen without a rebound.
3:38 of 3rd period - Mikael Backlund wins face-off versus Sean Monahan in Blackhawks zone.
3:43 of 3rd period - Wrist shot by Mark Stone.
3:43 of 3rd period - Shot Misses the Net.
3:45 of 3rd period - Slapshot by Carson Soucy.
3:45 of 3rd period - Shot Misses the Net.
3:47 of 3rd period - Snap shot by Zach Parise.
3:47 of 3rd period - Stopped by Juuse Saros with a rebound.
3:49 of 3rd period - Slapshot by Mark Stone.
3:49 of 3rd period - Stopped by Juuse Saros with a rebound.
3:51 of 3rd period - Snap shot by Mark Stone.
3:51 of 3rd period - Stopped by Juuse Saros without a rebound.
3:52 of 3rd period - Luke Kunin wins face-off versus Ryan Johansen in Bruins zone.
4:26 of 3rd period - Slapshot by Jakob Chychrun.
4:26 of 3rd period - Stopped by Frederik Andersen with a rebound.
4:42 of 3rd period - Cam Fowler is hit by Carson Soucy and loses puck.
5:03 of 3rd period - Slapshot by Nolan Patrick.
5:03 of 3rd period - Stopped by Frederik Andersen with a rebound.
5:05 of 3rd period - Wrist shot by Nolan Patrick.
5:05 of 3rd period - Shot Misses the Net.
5:07 of 3rd period - Snap shot by Nolan Patrick.
5:07 of 3rd period - Shot Blocked by Tyler Bertuzzi.
5:09 of 3rd period - Snap shot by Luke Glendening.
5:09 of 3rd period - Stopped by Frederik Andersen with a rebound.
5:11 of 3rd period - Slapshot by Cam Fowler.
5:11 of 3rd period - Deflect By Pat Maroon.
5:11 of 3rd period - Shot Hit the Post.
5:11 of 3rd period - Puck is out of play.
5:12 of 3rd period - Paul Stastny wins face-off versus Zach Parise in Blackhawks zone.
5:14 of 3rd period - Minor Penalty to Niklas Hjalmarsson for Hooking.
5:15 of 3rd period - Sean Monahan wins face-off versus Tyler Bozak in Blackhawks zone.
5:17 of 3rd period - Wrist shot by Sean Monahan.
5:17 of 3rd period - Stopped by Frederik Andersen without a rebound.
5:18 of 3rd period - Ryan Johansen wins face-off versus Tyler Bozak in Blackhawks zone.
5:25 of 3rd period - Wrist shot by Sean Monahan.
5:25 of 3rd period - Shot Misses the Net.
7:14 of 3rd period - Penalty to Niklas Hjalmarsson is over, Niklas Hjalmarsson is back on ice.
7:25 of 3rd period - Wrist shot by Casey Cizikas.
7:25 of 3rd period - Stopped by Frederik Andersen with a rebound.
7:31 of 3rd period - Wrist shot by Luke Kunin.
7:31 of 3rd period - Shot Misses the Net.
7:43 of 3rd period - Snap shot by Brett Connolly.
7:43 of 3rd period - Stopped by Juuse Saros with a rebound.
7:45 of 3rd period - Slapshot by Carson Soucy.
7:45 of 3rd period - Shot Misses the Net.
7:47 of 3rd period - Slapshot by Niklas Hjalmarsson.
7:47 of 3rd period - Stopped by Juuse Saros without a rebound.
7:48 of 3rd period - Luke Glendening wins face-off versus Mikael Backlund in Bruins zone.
7:53 of 3rd period - Snap shot by Nolan Patrick.
7:53 of 3rd period - Stopped by Frederik Andersen without a rebound.
7:54 of 3rd period - Mikael Backlund wins face-off versus Luke Glendening in Blackhawks zone.
7:59 of 3rd period - Snap shot by Pat Maroon.
7:59 of 3rd period - Stopped by Frederik Andersen without a rebound.
8:00 of 3rd period - Anthony Mantha wins face-off versus Tyler Bozak in Blackhawks zone.
8:01 of 3rd period - Snap shot by Sean Monahan.
8:01 of 3rd period - Shot Misses the Net.
8:09 of 3rd period - Slapshot by Ryan Ellis.
8:09 of 3rd period - Stopped by Juuse Saros with a rebound.
8:11 of 3rd period - Snap shot by Tyler Bozak.
8:11 of 3rd period - Goal by Tyler Bozak - Bruins : 3 - Blackhawks : 3.
8:12 of 3rd period - Paul Stastny wins face-off versus Luke Kunin in neutral zone.
8:25 of 3rd period - Slapshot by Paul Stastny.
8:25 of 3rd period - Stopped by Frederik Andersen without a rebound.
8:26 of 3rd period - Sean Monahan wins face-off versus Mikael Backlund in Blackhawks zone.
8:33 of 3rd period - Mikael Backlund is hit by Anthony Mantha and loses puck.
8:57 of 3rd period - Brett Connolly is hit by Connor Murphy and loses puck.
10:02 of 3rd period - Wrist shot by Mark Stone.
10:02 of 3rd period - Shot Misses the Net.
10:04 of 3rd period - Slapshot by Niklas Hjalmarsson.
10:04 of 3rd period - Stopped by Juuse Saros with a rebound.
10:06 of 3rd period - Wrist shot by Mikael Backlund.
10:06 of 3rd period - Shot Misses the Net.
10:08 of 3rd period - Slapshot by Mark Stone.
10:08 of 3rd period - Shot Misses the Net.
10:26 of 3rd period - Snap shot by Anthony Beauvillier.
10:26 of 3rd period - Shot Misses the Net.
10:40 of 3rd period - Casey Cizikas is hit by Yanni Gourde and loses puck.
11:46 of 3rd period - Luke Glendening is hit by Matt Benning and loses puck.
11:53 of 3rd period - Luke Glendening is hit by Mikael Backlund and loses puck.
12:14 of 3rd period - Minor Penalty to Brady Tkachuk for Holding.
12:15 of 3rd period - Luke Glendening wins face-off versus Mikael Backlund in Bruins zone.
12:26 of 3rd period - Slapshot by Matt Benning.
12:26 of 3rd period - Stopped by Juuse Saros without a rebound.
12:27 of 3rd period - Luke Glendening wins face-off versus Mikael Backlund in Bruins zone.
12:27 of 3rd period - Luke Glendening is hit by Matt Benning.
12:33 of 3rd period - Mark Stone is hit by Luke Glendening and loses puck.
13:02 of 3rd period - Joel Edmundson is hit by Luke Kunin and loses puck.
13:47 of 3rd period - Wrist shot by Paul Stastny.
13:47 of 3rd period - Stopped by Frederik Andersen with a rebound.
14:14 of 3rd period - Penalty to Brady Tkachuk is over, Brady Tkachuk is back on ice.
14:21 of 3rd period - Snap shot by Yanni Gourde.
14:21 of 3rd period - Shot Blocked by Joel Edmundson.
14:23 of 3rd period - Snap shot by Tyler Bozak.
14:23 of 3rd period - Stopped by Juuse Saros without a rebound.
14:24 of 3rd period - Sean Monahan wins face-off versus Tyler Bozak in Bruins zone.
14:24 of 3rd period - Sean Monahan is hit by Derek Forbort.
14:40 of 3rd period - Wrist shot by Brady Tkachuk.
14:40 of 3rd period - Shot Misses the Net.
14:46 of 3rd period - Slapshot by Carl Hagelin.
14:46 of 3rd period - Shot Misses the Net.
14:52 of 3rd period - Snap shot by Tyler Bozak.
14:52 of 3rd period - Deflect By Yanni Gourde.
14:52 of 3rd period - Shot Misses the Net.
14:52 of 3rd period - Puck is out of play.
14:53 of 3rd period - Mikael Backlund wins face-off versus Paul Stastny in Bruins zone.
15:24 of 3rd period - Wrist shot by Ryan Ellis.
15:24 of 3rd period - Stopped by Juuse Saros without a rebound.
15:25 of 3rd period - Michael Chaput wins face-off versus Casey Cizikas in Bruins zone.
15:26 of 3rd period - Snap shot by Andrew Shaw.
15:26 of 3rd period - Shot Misses the Net.
16:20 of 3rd period - Snap shot by Anthony Mantha.
16:20 of 3rd period - Stopped by Frederik Andersen without a rebound.
16:21 of 3rd period - Casey Cizikas wins face-off versus Michael Chaput in Blackhawks zone.
16:26 of 3rd period - Snap shot by Ilya Mikheyev.
16:26 of 3rd period - Deflect By Casey Cizikas.
16:26 of 3rd period - Shot Misses the Net.
16:26 of 3rd period - Puck is out of play.
16:27 of 3rd period - Casey Cizikas wins face-off versus Michael Chaput in Blackhawks zone.
16:30 of 3rd period - Backhand shot by Lawson Crouse.
16:30 of 3rd period - Stopped by Frederik Andersen with a rebound.
16:54 of 3rd period - Yanni Gourde is hit by Pat Maroon and loses puck.
17:10 of 3rd period - Off-side.
17:11 of 3rd period - Brady Tkachuk wins face-off versus Mikael Backlund in neutral zone.
17:42 of 3rd period - Cam Fowler is hit by Michael Chaput and loses puck.
17:59 of 3rd period - Wrist shot by Tyler Bertuzzi.
17:59 of 3rd period - Stopped by Juuse Saros with a rebound.
18:01 of 3rd period - Slapshot by Luke Kunin.
18:01 of 3rd period - Shot Misses the Net.
18:03 of 3rd period - Wrist shot by Brett Connolly.
18:03 of 3rd period - Stopped by Juuse Saros with a rebound.
18:05 of 3rd period - Wrist shot by Ryan Ellis.
18:05 of 3rd period - Stopped by Juuse Saros with a rebound.
18:07 of 3rd period - Snap shot by Brett Connolly.
18:07 of 3rd period - Stopped by Juuse Saros with a rebound.
18:09 of 3rd period - Backhand shot by Brett Connolly.
18:09 of 3rd period - Shot Misses the Net.
18:17 of 3rd period - Minor Penalty to Cam Fowler for Charging.
18:18 of 3rd period - Mikael Backlund wins face-off versus Luke Glendening in Bruins zone.
18:33 of 3rd period - Slapshot by Mikael Backlund.
18:33 of 3rd period - Shot Misses the Net.
18:35 of 3rd period - Slapshot by Matt Benning.
18:35 of 3rd period - Deflect By Joel Edmundson.
18:35 of 3rd period - Stopped by Juuse Saros with a rebound.
19:05 of 3rd period - Connor Murphy is hit by Niklas Hjalmarsson and loses puck.
19:16 of 3rd period - Tyler Bertuzzi is hit by Connor Murphy and loses puck.
Goals for this period are 0 for Bruins vs 1 for Blackhawks.
Shots for this period are 18 for Bruins vs 16 for Blackhawks.

Overtime #1


0:01 of 1st overtime period - Luke Glendening wins face-off versus Mikael Backlund in neutral zone.
0:08 of 1st overtime period - Wrist shot by Luke Glendening.
0:08 of 1st overtime period - Stopped by Frederik Andersen without a rebound.
0:09 of 1st overtime period - Mikael Backlund wins face-off versus Luke Glendening in Blackhawks zone.
0:17 of 1st overtime period - Penalty to Cam Fowler is over, Cam Fowler is back on ice.
0:38 of 1st overtime period - Slapshot by Mark Stone.
0:38 of 1st overtime period - Shot Misses the Net.
1:08 of 1st overtime period - Wrist shot by Mark Stone.
1:08 of 1st overtime period - Shot Misses the Net.
1:10 of 1st overtime period - Slapshot by Mikael Backlund.
1:10 of 1st overtime period - Shot Blocked by Connor Murphy.
1:39 of 1st overtime period - Wrist shot by Ryan Ellis.
1:39 of 1st overtime period - Deflect By Mark Stone.
1:39 of 1st overtime period - Stopped by Juuse Saros with a rebound.
1:41 of 1st overtime period - Slapshot by Niklas Hjalmarsson.
1:41 of 1st overtime period - Stopped by Juuse Saros with a rebound.
1:43 of 1st overtime period - Snap shot by Mikael Backlund.
1:43 of 1st overtime period - Stopped by Juuse Saros without a rebound.
1:44 of 1st overtime period - Tyler Bertuzzi wins face-off versus Sean Monahan in Bruins zone.
2:08 of 1st overtime period - Icing by Sean Monahan.
2:09 of 1st overtime period - Ryan Johansen wins face-off versus Luke Kunin in Bruins zone.
2:18 of 1st overtime period - Snap shot by Ryan Johansen.
2:18 of 1st overtime period - Shot Misses the Net.
2:20 of 1st overtime period - Slapshot by Jakob Chychrun.
2:20 of 1st overtime period - Shot Misses the Net.
2:26 of 1st overtime period - Brady Tkachuk is hit by Luke Kunin and loses puck.
2:33 of 1st overtime period - Ryan Johansen is hit by Luke Kunin and loses puck.
2:52 of 1st overtime period - Snap shot by Alex Steen.
2:52 of 1st overtime period - Shot Misses the Net.
2:54 of 1st overtime period - Snap shot by Braydon Coburn.
2:54 of 1st overtime period - Stopped by Juuse Saros with a rebound.
2:56 of 1st overtime period - Wrist shot by Alex Steen.
2:56 of 1st overtime period - Stopped by Juuse Saros without a rebound.
2:57 of 1st overtime period - Sean Monahan wins face-off versus Tyler Bertuzzi in Bruins zone.
3:08 of 1st overtime period - Backhand shot by Anthony Mantha.
3:08 of 1st overtime period - Deflect By Sean Monahan.
3:08 of 1st overtime period - Shot Misses the Net.
3:08 of 1st overtime period - Puck is out of play.
3:09 of 1st overtime period - Sean Monahan wins face-off versus Zach Parise in Blackhawks zone.
3:14 of 1st overtime period - Snap shot by Anthony Mantha.
3:14 of 1st overtime period - Shot Misses the Net.
3:36 of 1st overtime period - Brady Tkachuk is hit by Tyler Bertuzzi and loses puck.
3:41 of 1st overtime period - Wrist shot by Mikael Backlund.
3:41 of 1st overtime period - Shot Misses the Net.
3:43 of 1st overtime period - Wrist shot by Mikael Backlund.
3:43 of 1st overtime period - Stopped by Juuse Saros without a rebound.
3:44 of 1st overtime period - Zach Parise wins face-off versus Sean Monahan in Bruins zone.
4:41 of 1st overtime period - Slapshot by Brady Tkachuk.
4:41 of 1st overtime period - Stopped by Frederik Andersen without a rebound.
4:42 of 1st overtime period - Sean Monahan wins face-off versus Zach Parise in Blackhawks zone.
Goals for this period are 0 for Bruins vs 0 for Blackhawks.
Shots for this period are 2 for Bruins vs 6 for Blackhawks.

ShootOut


5:00 of 1st overtime period - Round #1.
5:00 of 1st overtime period - Bruins, Sean Monahan.
5:00 of 1st overtime period - Deke by Sean Monahan.
5:00 of 1st overtime period - Goal by Sean Monahan.
5:00 of 1st overtime period - Blackhawks, Braydon Coburn.
5:00 of 1st overtime period - Backhand shot by Braydon Coburn.
5:00 of 1st overtime period - Shot Misses the Net.
5:00 of 1st overtime period - Round #2.
5:00 of 1st overtime period - Bruins, Anthony Mantha.
5:00 of 1st overtime period - Backhand shot by Anthony Mantha.
5:00 of 1st overtime period - Stopped by Frederik Andersen.
5:00 of 1st overtime period - Blackhawks, Alex Steen.
5:00 of 1st overtime period - Deke by Alex Steen.
5:00 of 1st overtime period - Goal by Alex Steen.
5:00 of 1st overtime period - Round #3.
5:00 of 1st overtime period - Bruins, Brady Tkachuk.
5:00 of 1st overtime period - Snap shot by Brady Tkachuk.
5:00 of 1st overtime period - Shot Misses the Net.
5:00 of 1st overtime period - Blackhawks, Zach Parise.
5:00 of 1st overtime period - Wrist shot by Zach Parise.
5:00 of 1st overtime period - Goal by Zach Parise.